 Dungeon Crawl Stone Soup version 0.19.0-19-g8c6edcc (console) character file.

142 Gottschkopf the Skirmisher (level 5, 0/50 HPs)
             Began as a Minotaur Abyssal Knight on Nov 14, 2016.
             Was a Priest of Lugonu.
             Slain by an orc wizard
             ... wielding a +0 dagger
              (2 damage)
             ... on level 4 of the Dungeon.
             The game lasted 00:06:23 (2340 turns).

Gottschkopf the Skirmisher (MiAK)                   Turns: 2340, Time: 00:06:23

Health: 0/50       AC:  3    Str: 15 (18) XL:     5   Next: 4%
Magic:  5/5        EV: 11    Int:  8 (9)  God:    Lugonu [***...]
Gold:   208        SH:  0    Dex:  8 (9)  Spells: 0 memorised, 4 levels left

rFire  + . .     SeeInvis .     a - +1 mace
rCold  + + .     Gourm    .     b - +0 leather armour
rNeg   . . .     Faith    .     (no shield)
rPois  +         Spirit   .     (helmet restricted)
rElec  +         Reflect  .     (no cloak)
rCorr  +         Harm     .     (no gloves)
MR     .....                    (no boots)
Stlth  +.........               (no amulet)
                                (no ring)
                                p - ring of protection from cold

@: resistant
A: retaliatory headbutt, horns 2
a: Depart the Abyss, Bend Space, Banish, Renounce Religion


You were on level 4 of the Dungeon.
You worshipped Lugonu.
Lugonu was most pleased with you.
You were hungry.

You visited 1 branch of the dungeon, and saw 4 of its levels.
You visited the Abyss 1 time.

You collected 208 gold pieces.

Inventory:

Hand Weapons
 a - a +1 mace (weapon)
Armour
 b - a +0 leather armour (worn)
Jewellery
 p - a ring of protection from cold (left hand)
Scrolls
 d - 2 scrolls of random uselessness {unknown}
 e - a scroll of blinking {unknown}
 f - 2 scrolls of amnesia {unknown}
 k - 4 scrolls of remove curse {unknown}
 o - a scroll of magic mapping {unknown}
 q - a scroll of fog {unknown}
 t - a scroll of enchant armour {unknown}
 v - a scroll of identify {unknown}
 x - 2 scrolls of teleportation {unknown}
Potions
 h - 2 potions of resistance
 j - a potion of degeneration
 l - a potion of flight {unknown}
 m - a potion of agility {unknown}
 n - 2 potions of curing {unknown}
 r - a potion of cancellation {unknown}
 s - a potion of brilliance {unknown}
 u - a potion of mutation {unknown}
Books
 w - a book of Necromancy

   Spells                             Type                      Level
   a - Pain                           Necromancy                   1
   b - Animate Skeleton               Necromancy                   1
   c - Vampiric Draining              Necromancy                   3
   d - Regeneration                   Charms/Necromancy            3
   e - Animate Dead                   Necromancy                   4
   f - Control Undead                 Necromancy                   4
Comestibles
 c - 3 bread rations
 g - a beef jerky
 i - a chunk of flesh


   Skills:
 - Level 5.8 Fighting
 - Level 2.4 Maces & Flails
 + Level 3.9 Armour
 - Level 2.0 Dodging
 - Level 1.7 Invocations


You had 4 spell levels left.
You didn't know any spells.

Dungeon Overview and Level Annotations

Branches:
Dungeon (4/15)
 Temple: D:4-7

Altars:
Gozag


Innate Abilities, Weirdness & Mutations

You reflexively headbutt those who attack you in melee.
You have a pair of horns on your head.


Message History

You hear some strange, mumbled words.
A magic dart appears from out of thin air!
The magic dart hits you!
* * * LOW HITPOINT WARNING * * *
Something hits you.
* * * LOW HITPOINT WARNING * * *
You miss something. Something hits you.
* * * LOW HITPOINT WARNING * * *
You closely miss something.
You hear some strange, mumbled words.
Something tries to affect you, but you resist.
It was a potion of resistance.
You feel protected. Something hits you.
* * * LOW HITPOINT WARNING * * *
It was a potion of degeneration.
There was something very wrong with that liquid.
You feel weakened.
You feel dopey.
You feel clumsy. Something hits you.
You die...

# ##$##### #...@{o#
#..###s# #. ###.#
#..#.#o#########
#..o.s.........#
.>...##.#.#######(#
... ...#.# #.# .
.....#.# #.#
.......#.# #.#


You could see an orc and a giant cockroach.

Vanquished Creatures
  A hound (D:4)
  An orc wizard (D:4)
  A gnoll (D:1)
  An adder (D:1)
  An ooze (D:2)
  A leopard gecko (D:1)
  An orc (D:3)
  A ball python (D:2)
  5 giant cockroaches
  11 goblins
  7 hobgoblins
  2 quokkas (D:2)
  9 bats
  5 frilled lizards
  A jackal zombie (D:4)
  8 kobolds
  5 rats
61 creatures vanquished.

Vanquished Creatures (others)
  2 starspawn tentacles (Abyss:1)
2 creatures vanquished.

Grand Total: 63 creatures vanquished

Notes
Turn   | Place    | Note
-------+----------+-------------------------------------------
     0 | Abyss:1  | Gottschkopf the Minotaur Abyssal Knight began the quest for the Orb.
     0 | Abyss:1  | Reached XP level 1. HP: 19/19 MP: 1/1
    30 | Abyss:1  | Noticed a tentacled starspawn
    41 | D:1      | Escaped the Abyss
   163 | D:1      | Reached skill level 4 in Fighting
   191 | D:1      | Reached XP level 2. HP: 28/28 MP: 2/2
   279 | D:1      | Reached skill level 5 in Fighting
   283 | D:1      | Reached ** piety under Lugonu
   394 | D:1      | Reached XP level 3. HP: 36/36 MP: 3/3
  1131 | D:2      | Reached XP level 4. HP: 42/44 MP: 4/4
  1688 | D:3      | Reached *** piety under Lugonu
  2109 | D:3      | Found an opulent altar of Gozag.
  2323 | D:4      | Reached XP level 5. HP: 31/50 MP: 5/5
  2339 | D:4      | HP: 2/50 [something (4)]
  2340 | D:4      | Slain by an orc wizard

Skill      XL: |  1  2  3  4 |
---------------+-------------+-----
Fighting       | 4 5 |  5.8
Dodging        | 2 |  2.0
Armour         | 3 |  3.9
Maces & Flails | |  2.4
Invocations    | |  1.7

Action                   |  1- 3 |  4- 6 || total
-------------------------+-------+-------++-------
Melee: Mace              |    68 |    56 ||   124
       Headbutt          |     9 |     9 ||    18
  Use: Potion            |       |     2 ||     2
  Eat: Chunk             |     1 |     3 ||     4
Armor: Leather armour    |    23 |    14 ||    37
Dodge: Dodged            |    44 |    30 ||    74
